 Dungeon Crawl Stone Soup version 0.18.1-48-g4cf74bf (webtiles) character file.

716 MistressOfTheDunes the Insei (level 7, -3/54 HPs)
             Began as a Mummy Monk on June 27, 2016.
             Slain by a water moccasin (10 damage)
             ... on level 4 of the Dungeon.
             The game lasted 00:13:12 (12145 turns).

MistressOfTheDunes the Insei (Mummy Monk)          Turns: 12145, Time: 00:13:12

Health: -3/54      AC:  5    Str: 14    XL:     7   Next: 41%
Magic:  7/7        EV: 12    Int:  9    God:
Gold:   259        SH: 11    Dex: 17    Spells: 0 memorised, 6 levels left

rFire  x . .     SeeInvis .       - Unarmed
rCold  + . .     Gourm    .     (no armour)
rNeg   + + +     Faith    .     i - +2 shield
rPois  ∞         Spirit   .     e - +0 helmet (curse)
rElec  .         Dismiss  .     (no cloak)
rCorr  .         Reflect  .     (no gloves)
SustAt .         Harm     .     (no boots)
MR     .....                    (no amulet)
Stlth  ++........               (no ring)
                                k - +4 ring of protection

@: not resistant to hostile enchantments, unstealthy
A: no food or potions, fire vulnerability, cold resistance 1, negative energy
resistance 3, torment resistance, unbreathing
a: no special abilities


You were on level 4 of the Dungeon.
You were not hungry.

You visited 1 branch of the dungeon, and saw 5 of its levels.

You collected 259 gold pieces.


Innate Abilities, Weirdness & Mutations

You do not eat or drink.
Your flesh is vulnerable to fire.
You are immune to poison.
Your flesh is cold resistant.
You are immune to negative energy.
You are immune to unholy pain and torment.
You can survive without breathing.


   Skills:
 - Level 4.3 Fighting
 - Level 3.4 Dodging
 - Level 1.6 Stealth
 + Level 4.1 Shields
 - Level 5.0 Unarmed Combat


You had 6 spell levels left.
You didn't know any spells.

Inventory:

Missiles
 f - 14 poisoned needles (quivered)
Armour
 e - a cursed +0 helmet (worn)
 i - a +2 shield (worn)
Jewellery
 j - an uncursed ring of ice
 k - a +4 ring of protection (left hand)
Scrolls
 a - a scroll of magic mapping {unknown}
 b - 4 scrolls of fear {unknown}
 c - 4 scrolls of remove curse {unknown}
 d - 5 scrolls of teleportation {@r4}
 g - a scroll of identify {unknown}
 h - 3 scrolls of random uselessness {unknown}
 l - a scroll of immolation {unknown}
 m - a scroll of vulnerability {unknown}
 n - a scroll of fog {unknown}

Dungeon Overview and Level Annotations

Branches:
Dungeon (5/15)
 Temple: D:4-7

Altars:
Ashenzari
Gozag
Okawaru
Pakellas
The Shining One

Annotations:
D:2 Dangerous shapeshitter, Crazy Yiuf
D:4 8 exclusions, Blork the orc

.........▒
▒▒▒▒..............
.........▒
▒▒......▒......▒▒
..▒......▒
▒▒▒....▒▒........▒▒
..▒.▒....▒
▒▒▒....▒▒▒▒▒.........
.▒▒.▒.>▒▒▒ ▒....▒▒▒
▒▒....!.... .▒▒.▒.▒▒
▒...▒▒ ▒▒▒▒....▒..▒▒▒
..▒▒▒▒▒▒▒▒▒▒▒..▒▒
▒▒.......▒..▒ .▒▒
▒.......▒▒▒▒..▒▒▒▒▒.▒.▒▒▒▒
▒▒ ▒▒......BMS..▒▒
▒....... ▒ ▒▒▒▒▒..▒▒▒▒▒▒
▒▒▒▒....... ▒
..........................
▒
.▒........................
▒▒
▒.....................▒▒▒
.▒
▒............o..........▒
.▒
▒...............(.......▒
▒▒
▒.......................▒
▒
▒...............>.......▒


You could see a water moccasin and a worker ant.


Message History

You closely miss the water moccasin!
The water moccasin bites you! * * * don't die
* * * The water moccasin bites you!!! * * * don't die
* * * The worker ant barely misses you!
You beat the water moccasin into a bloody pulp!
The water moccasin is moderately wounded!
You block the water moccasin's attack! You block the worker ant's attack!
You squash the water moccasin like an ant!
The water moccasin is heavily wounded!
You block the water moccasin's attack! You block the worker ant's attack!
The water moccasin barely misses you!
You miss the water moccasin!
The water moccasin is heavily wounded!
The worker ant bites you but does no damage!
The water moccasin closely misses you!
You pulverise the water moccasin!
The water moccasin is heavily wounded!
You block the worker ant's attack! You block the water moccasin's attack!
The worker ant bites you but does no damage!
The water moccasin bites you!!! * * * don't die
* * * You closely miss the water moccasin!
The water moccasin is heavily wounded!
You block the water moccasin's attack!
The worker ant bites you! * * * don't die
* * * You barely miss the water moccasin!
The water moccasin is heavily wounded!
The water moccasin bites you!!! rip

Action                   |  1- 3 |  4- 6 |  7- 9 || total
-------------------------+-------+-------+-------++-------
Melee: Unarmed           |   180 |   284 |    67 ||   531
       Punch             |     2 |    10 |       ||    12
  Use: Scroll            |       |     1 |       ||     1
 Stab: Sleeping          |     4 |    10 |     1 ||    15
Armor: Skin              |       |    28 |    16 ||    44
Dodge: Dodged            |   123 |   172 |    27 ||   322
Block: Shield            |       |     6 |    39 ||    45

Vault maps used:
D:1:      lemuel_arrival_broad_hall, grunt_decor_cap
D:2:      minmay_door_path, uniq_robin, uniq_jessica, uniq_crazy_yiuf_cottage
D:3:      nicolae_gozag_cash_rules_everything_around_me, tso_altar
D:4:      lemuel_round_altar, nicolae_ashenzari_panopticon,
          lemuel_crystal_altar, grunt_pakellas_sulfur, uniq_blork_the_orc
D:5:      gammafunk_temple_overflow_statue, first_bread, uniq_duvessa

Notes
Turn   | Place    | Note
--------------------------------------------------------------
     0 | D:1      | MistressOfTheDunes the Mummy Monk began the quest for the Orb.
     0 | D:1      | Reached XP level 1. HP: 18/18 MP: 1/1
   105 | D:1      | Reached XP level 2. HP: 12/24 MP: 2/2
   899 | D:1      | Reached skill level 4 in Unarmed Combat
   996 | D:1      | Reached XP level 3. HP: 19/29 MP: 3/3
  2039 | D:2      | Noticed Robin
  2439 | D:2      | Killed Robin
  2439 | D:2      | Reached XP level 4. HP: 27/35 MP: 4/4
  2614 | D:2      | Noticed Crazy Yiuf
  2799 | D:2      | Noticed Jessica
  2820 | D:2      | Killed Jessica
  2820 | D:2      | Reached skill level 5 in Unarmed Combat
  3285 | D:3      | Reached XP level 5. HP: 21/41 MP: 5/5
  4041 | D:3      | Found an opulent altar of Gozag.
  4090 | D:3      | Found a glowing golden altar of the Shining One.
  4388 | D:3      | Reached skill level 4 in Fighting
  5647 | D:4      | Found an oddly glowing altar of Pakellas.
  5664 | D:4      | Noticed an ogre
  5775 | D:4      | Reached skill level 3 in Dodging
  5775 | D:4      | Reached XP level 6. HP: 27/48 MP: 6/6
  6078 | D:4      | Found a shattered altar of Ashenzari.
  6114 | D:4      | Noticed Blork the orc
  6145 | D:4      | Found an iron altar of Okawaru.
  7517 | D:1      | Noticed a shadow
  7557 | D:1      | Reached skill level 1 in Shields
 10014 | D:2      | Noticed a shapeshifter
 10014 | D:2      | a black bear changed into a shapeshifter
 10015 | D:2      | Noticed a salamander
 10015 | D:2      | a shapeshifter changed into a salamander
 10062 | D:1      | HP: 4/48 [orc/flail (7)]
 10355 | D:1      | Reached skill level 2 in Shields
 10690 | D:2      | Noticed a shock serpent
 10709 | D:3      | wow
 11298 | D:4      | Reached XP level 7. HP: 46/54 MP: 7/7
 11617 | D:3      | Reached skill level 3 in Shields
 12026 | D:5      | Entered Level 5 of the Dungeon
 12084 | D:5      | Reached skill level 4 in Shields
 12145 | D:4      | Slain by a water moccasin

Vanquished Creatures
  2 ogres
  A giant frog (D:1)
  2 scorpions (D:4)
  A howler monkey (D:5)
  A centaur zombie (D:5)
  2 orc wizards
  Jessica (D:2)
  A worker ant (D:4)
  Robin (D:2)
  An adder (D:2)
  8 gnolls (D:3)
  An ooze (D:3)
  A worm (D:1)
  A giant gecko (D:1)
  9 orcs
  3 ball pythons
  15 bats
  5 giant cockroaches
  15 goblins
  7 hobgoblins
  11 jackals
  A quokka (D:1)
  2 giant newts
  9 kobolds
  9 rats
110 creatures vanquished.
